 Dungeon Crawl Stone Soup version 0.29.1-12-g30fa7ad0bf (webtiles) character file.

Game seed: 1689997211428466890

322 oj3 the Trooper (level 6, -6/57 HPs)
             Began as a Minotaur Berserker on Dec 31, 2022.
             Was a Priest of Trog.
             Mangled by Duvessa
             ... wielding a +0 short sword
              (14 damage)
             ... on level 4 of the Dungeon.
             The game lasted 00:07:28 (2983 turns).

oj3 the Trooper (Minotaur Berserker)                Turns: 2983, Time: 00:07:28

Health: -6/57      AC: 11    Str: 23    XL:     6   Next: 22%
Magic:  5/5        EV:  7    Int:  4    God:    Trog [***...]
Gold:   102        SH:  0    Dex: 10    Spells: 5/5 levels left

rFire   . . .      SeeInvis +   a - +0 hand axe
rCold   . . .      Faith    .   (no shield)
rNeg    . . .      Spirit   .   f - +0 plate armour
rPois   .          Reflect  .   (helmet restricted)
rElec   .          Harm     .   (no cloak)
rCorr   .          Rampage  .   (no gloves)
Will    ++...                   (no boots)
Stlth   ..........              (no amulet)
HPRegen 1.19/turn               b - ring of see invisible
MPRegen 0.09/turn               (no ring)

@: strong-willed (expiring), regenerating (expiring)
A: horns 2, retaliatory headbutt
a: Renounce Religion, Berserk, Trog's Hand


You were on level 4 of the Dungeon.
You worshipped Trog.
Trog was most pleased with you.
You visited 1 branch of the dungeon, and saw 4 of its levels.

You collected 102 gold pieces.

Inventory:

Hand Weapons
 a - a +0 hand axe (weapon)
Missiles
 c - 39 stones
 p - 4 poisoned darts (quivered)
Armour
 f - a +0 plate armour (worn)
Jewellery
 b - a ring of see invisible (left hand)
Wands
 g - a wand of acid (6)
Scrolls
 e - a scroll of amnesia {unknown}
 h - 2 scrolls of identify {unknown}
 k - a scroll of teleportation {unknown}
 l - a scroll of noise {unknown}
 q - a scroll of silence {unknown}
Potions
 d - a potion of haste {unknown}
 i - a potion of curing {unknown}
 j - 2 potions of lignification {unknown}
 m - 2 potions of degeneration {unknown}
 n - 2 potions of might {unknown}
 o - 2 potions of mutation {unknown}


   Skills:
 * Level 5.8 Fighting
 + Level 4.6 Axes
 + Level 3.9 Armour
 + Level 3.4 Dodging
 + Level 2.0 Evocations


You had 5 spell levels left.
You didn't know any spells.
Your spell library was empty.

Dungeon Overview and Level Annotations

Branches:
Dungeon (4/15)
 Temple: D:4-7

Altars:
Nemelex Xobeh
Okawaru
Uskayaw

Shops:
D:1 =

Annotations:
D:4 Duvessa


Innate Abilities, Weirdness & Mutations

You have a pair of horns on your head.
You reflexively headbutt those who attack you in melee.


Message History

You barely miss Duvessa. Dowan hits you with a +0 dagger.
Duvessa hits you with a +0 short sword!
* * * LOW HITPOINT WARNING * * *
You hit Dowan but do no damage.
Dowan is severely wounded.
You hit Duvessa. Dowan hits you but does no damage.
Duvessa hits you with a +0 short sword.
* * * LOW HITPOINT WARNING * * *
You barely miss Dowan. Your headbutt misses Dowan.
Dowan is severely wounded.
You hit Duvessa but do no damage. Dowan casts a spell at you.
The puff of flame hits you but does no damage.
Duvessa closely misses you.
You slash Dowan!
You kill Dowan!
Trog accepts your kill.
Trog appreciates your killing of a magic user.
Duvessa screams, "No!
How DARE you!"
Duvessa goes berserk!
You hit Duvessa but do no damage.
You are engulfed in a cloud of scalding steam.
Duvessa hits you with a +0 short sword!
* * * LOW HITPOINT WARNING * * *
Your Evocations skill increases to level 2!
Your skin crawls.
You feel strong-willed.
You are engulfed in a cloud of scalding steam.
Duvessa barely misses you. Duvessa hits you but does no damage.
You barely miss Duvessa.
Duvessa is lightly wounded.
Duvessa completely misses you.
You hit Duvessa but do no damage. Your headbutt misses Duvessa.
Duvessa is lightly wounded.
Duvessa barely misses you. You furiously retaliate!
You headbutt Duvessa, but do no damage. Duvessa hits you but does no damage.
You barely miss Duvessa. Your headbutt misses Duvessa.
Duvessa is lightly wounded.
You feel the effects of Trog's Hand fading.
Duvessa hits you with a +0 short sword!
You die...

#.⌠.⌠# #....## #.._.#$
#....# .# #....# ..## #..
..# #.._.# ...# ..# #.#
#...)# #.#.# #.# #.# #.⌠e@#
##..#.# #.# #.#
#.####'###.....### #.# #.#
#................[ #.# #.#
##..###........... #.#
#.#####.# #.....##...
##.###.......# ##...##
......#############.#####..
#..........................
#........##########.##.##.#


You could see Duvessa (berserk).

Vanquished Creatures
  A scorpion (D:4)
  Dowan (D:4)
  A jelly (D:2)
  Natasha (thrice) (D:3)
  2 adders
  3 dart slugs
  8 orcs
  3 bats
  6 endoplasms
  4 giant cockroaches
  3 goblins
  8 hobgoblins
  5 jackals
  2 quokkas
  10 ball pythons
  11 kobolds
  8 rats
79 creatures vanquished.

Notes
Turn   | Place    | Note
-------+----------+-------------------------------------------
     0 | D:1      | oj3 the Minotaur Berserker began the quest for the Orb.
     0 | D:1      | Reached XP level 1. HP: 19/19 MP: 0/0
   320 | D:1      | Found Fiacesaque's Jewellery Boutique.
   416 | D:1      | Reached XP level 2. HP: 27/27 MP: 1/1
   418 | D:1      | Reached skill level 4 in Fighting
   744 | D:1      | Reached ** piety under Trog
   871 | D:1      | Reached XP level 3. HP: 33/33 MP: 2/2
  1049 | D:2      | Found a faded altar of an unknown god.
  1226 | D:2      | Reached skill level 1 in Evocations
  1226 | D:2      | Reached XP level 4. HP: 23/41 MP: 3/3
  2202 | D:3      | Reached skill level 5 in Fighting
  2321 | D:3      | Reached *** piety under Trog
  2356 | D:3      | Found a hide-covered altar of Uskayaw.
  2377 | D:3      | Noticed Natasha
  2382 | D:3      | Killed Natasha
  2383 | D:3      | Reached XP level 5. HP: 48/48 MP: 4/4
  2564 | D:3      | Noticed Natasha
  2572 | D:3      | Killed Natasha
  2779 | D:3      | Noticed Natasha
  2790 | D:3      | Killed Natasha
  2864 | D:4      | Reached XP level 6. HP: 51/57 MP: 5/5
  2963 | D:4      | Found a sparkling altar of Nemelex Xobeh.
  2963 | D:4      | Found an iron altar of Okawaru.
  2963 | D:4      | Noticed Duvessa
  2965 | D:4      | Noticed Dowan
  2979 | D:4      | Killed Dowan
  2983 | D:4      | Mangled by Duvessa

Illustrated notes

Levels and vault maps discovered:
D:1:      dpeg_arrival_arbitrary_a, layout_basic, serial_shops,
          nicolae_lakefront_shop
D:2:      layout_basic, nicolae_ecumenical_pavilion, st_stairs_10
D:3:      layout_rooms, mainiacjoe_overflow_six_doors_small, uniq_natasha
D:4:      layout_loops_ring, jmf_multi_god_temple, serial_shops, shop_statue,
          lightli_ossuary_entry_decrepit_ruins, minmay_mini_ossuary,
          uniq_duvessa

Skill      XL: |  1  2  3  4  5  6 |
---------------+-------------------+-----
Fighting       | 4 5 |  5.8
Axes           | 4 |  4.6
Armour         | 3 |  3.9
Evocations     | 1 2 |  2.0
Dodging        | 3 |  3.4

Action                   |  1- 3 |  4- 6 || total
-------------------------+-------+-------++-------
Melee: Hand axe          |    67 |   110 ||   177
       Headbutt          |     7 |    14 ||    21
       Punch             |     1 |       ||     1
Invok: Trog's Hand       |       |     1 ||     1
Armor: Animal skin       |     3 |       ||     3
       Ring mail         |     6 |       ||     6
       Plate armour      |    28 |    59 ||    87
Dodge: Dodged            |    30 |    54 ||    84
